 Dungeon Crawl Stone Soup version 0.19.5 (webtiles) character file.

245 Rrauwl the Skirmisher (level 6, -2/55 HPs)
             Began as a Hill Orc Fighter on Mar 11, 2017.
             Slain by lundt's ghost (5 damage)
             ... on level 3 of the Dungeon.
             The game lasted 00:15:06 (2684 turns).

Rrauwl the Skirmisher (Hill Orc Fighter)            Turns: 2684, Time: 00:15:07

Health: -2/55      AC:  6    Str: 19    XL:     6   Next: 10%
Magic:  7/7        EV: 11    Int: 10    God:
Gold:   71         SH:  3    Dex: 10    Spells: 0 memorised, 7 levels left

rFire  . . .     SeeInvis .     a - +0 war axe
rCold  . . .     Gourm    .     c - +1 ring mail
rNeg   . . .     Faith    .     (no shield)
rPois  .         Spirit   .     (no helmet)
rElec  .         Reflect  +     (no cloak)
rCorr  .         Harm     .     (no gloves)
MR     .....                    (no boots)
Stlth  ..........               n - +3 amulet of reflection
                                (no ring)
                                (no ring)

@: no status effects
A: no striking features
a: no special abilities


You were on level 3 of the Dungeon.
You were hungry.

You visited 1 branch of the dungeon, and saw 3 of its levels.
You also visited: Sewer.

You collected 71 gold pieces.

Inventory:

Hand Weapons
 a - a +0 war axe (weapon)
Armour
 c - a +1 ring mail (worn)
Jewellery
 n - a +3 amulet of reflection (around neck)
Wands
 j - a wand of paralysis (4/24)
Scrolls
 b - a scroll of identify
 e - a scroll of magic mapping
 g - 2 scrolls of remove curse
 h - 2 scrolls of enchant armour
 o - 3 scrolls of fear
Potions
 k - a potion of magic
Comestibles
 f - 2 bread rations
 i - 10 chunks of flesh
 l - a meat ration
 m - a slice of pizza


   Skills:
 + Level 4.8 Fighting
 + Level 4.3 Axes
 + Level 4.3 Armour
 - Level 2.0 Dodging
   Level 3.2 Shields
 - Level 1.0 Spellcasting
 - Level 1.0 Evocations


You had 7 spell levels left.
You didn't know any spells.

Dungeon Overview and Level Annotations

Branches:
Dungeon (3/15)

Altars:

Annotations:
D:3 lundt's ghost, amateur MiBe


Message History

Lundt's ghost closely misses you.
You slash lundt's ghost!
Lundt's ghost is almost destroyed.
Lundt's ghost barely misses you.
You barely miss lundt's ghost.
Lundt's ghost is almost destroyed.
Lundt's ghost completely misses you.
You hit lundt's ghost.
Lundt's ghost is almost destroyed.
Lundt's ghost hits you.
* * * LOW HITPOINT WARNING * * *
Lundt's ghost closely misses you.
Your ring mail prevents you from hitting lundt's ghost.
Lundt's ghost is almost destroyed.
Lundt's ghost hits you!
* * * LOW HITPOINT WARNING * * *
You barely miss lundt's ghost.
Lundt's ghost is almost destroyed.
Lundt's ghost hits you.
You die...

.####................###
......#.....###.#......>
..#.........# #...####
..#.........# #...#
###...........#≈≈≈#
..)...........#≈≈≈#
###.....###...#≈≈≈#
#.....# #...#≈≈≈#
#.....# #≈@≈# #...(.#
#≈W≈# #.....# #≈≈≈#####
....>... #≈≈≈#.[.#
....### #≈≈≈###†##
#...###).#####
##..)........#
#...........#
#....W......#


You could see lundt's ghost.

Vanquished Creatures
  2 orc wizards (D:3)
  Terence (D:2)
  Ijyb (D:2)
  5 adders
  A worm (D:3)
  2 dart slugs
  2 leopard geckos
  8 orcs (D:3)
  8 giant cockroaches
  6 goblins
  4 hobgoblins
  4 jackals (Sewer)
  3 quokkas
  3 ball pythons
  7 bats
  9 frilled lizards
  10 kobolds
  5 rats
  5 plants (Sewer)
86 creatures vanquished.

Vanquished Creatures (others)
  A kobold (Sewer)
1 creature vanquished.

Grand Total: 87 creatures vanquished

Notes
Turn   | Place    | Note
-------+----------+-------------------------------------------
     0 | D:1      | Rrauwl the Hill Orc Fighter began the quest for the Orb.
     0 | D:1      | Reached XP level 1. HP: 19/19 MP: 1/1
    81 | D:1      | Reached XP level 2. HP: 27/27 MP: 2/2
   756 | D:2      | Noticed Ijyb
   771 | D:2      | Killed Ijyb
   771 | D:2      | Reached XP level 3. HP: 33/33 MP: 2/4
   880 | D:2      | Reached skill level 1 in Spellcasting
   973 | D:2      | Noticed Terence
   984 | D:2      | Killed Terence
   984 | D:2      | Reached skill level 1 in Dodging
   984 | D:2      | Reached XP level 4. HP: 29/41 MP: 5/5
  1538 | D:3      | Reached skill level 1 in Evocations
  1538 | D:3      | Reached XP level 5. HP: 40/47 MP: 6/6
  1613 | D:3      | Found a glowing drain.
  1639 | Sewer    | Entered a sewer
  2645 | D:3      | Reached XP level 6. HP: 30/55 MP: 7/7
  2656 | D:3      | Noticed lundt's ghost (amateur MiBe)
  2684 | D:3      | Slain by lundt's ghost

Skill      XL: |  1  2  3  4  5 |
---------------+----------------+-----
Axes           | 3 4 |  4.3
Fighting       | 4 |  4.8
Spellcasting   | 1 |  1.0
Dodging        | 1 2 |  2.0
Armour         | 4 |  4.3
Evocations     | 1 |  1.0
Shields        | |  3.2

Action                   |  1- 3 |  4- 6 || total
-------------------------+-------+-------++-------
Melee: War axe           |    91 |   262 ||   353
  Use: Scroll            |     5 |     3 ||     8
       Potion            |     4 |     4 ||     8
  Eat: Chunk             |       |     5 ||     5
       Beef jerky        |       |     1 ||     1
Armor: Scale mail        |     8 |       ||     8
       Robe              |     8 |       ||     8
       Ring mail         |    37 |    71 ||   108
Dodge: Dodged            |    66 |   132 ||   198
Block: Other             |     2 |    21 ||    23
       Reflection        |       |     2 ||     2
